 Dungeon Crawl Stone Soup version 0.23-a0-29-g1be82e5 (webtiles) character file.

1141 mopl the Caller (level 8, -7/58 HPs)
             Began as a Gnoll Summoner on Aug 3, 2018.
             Shot with an arrow by a centaur (11 damage)
             ... on level 6 of the Dungeon.
             The game lasted 00:11:19 (5149 turns).

mopl the Caller (Gnoll Summoner)                    Turns: 5149, Time: 00:11:21

Health: -7/58      AC:  3    Str: 10    XL:     8   Next: 37%
Magic:  17/17      EV: 16    Int: 20    God:
Gold:   186        SH:  0    Dex: 16    Spells: 4/19 levels left

rFire    + . .     SeeInvis .   q - +1 mace (protect)
rCold    . . .     Gourm    .   (no shield)
rNeg     . . .     Faith    .   a - +0 robe
rPois    .         Spirit   .   (no helmet)
rElec    .         Reflect  .   (no cloak)
rCorr    .         Harm     .   (no gloves)
MR       .....                  I - +0 pair of boots
Stlth    ++........             (no amulet)
HPRegen  0.19/turn              d - ring of attention (curse)
MPRegen  0.15/turn              y - ring of protection from fire

@: no status effects
A: distributed training, fangs 1, strong nose
a: no special abilities


You were on level 6 of the Dungeon.
You were not hungry.

You visited 1 branch of the dungeon, and saw 6 of its levels.
You also visited: Sewer.

You collected 186 gold pieces.

Inventory:

Hand Weapons
 b - a +0 mace
 q - a +1 mace of protection (weapon)
 z - a +0 trident
 E - a +0 blowgun
Missiles
 e - 190 stones (quivered)
 f - 54 bolts
 j - 16 sling bullets
 v - 90 arrows
 D - 10 poisoned needles
 F - a throwing net
 H - 2 tomahawks
Armour
 a - a +0 robe (worn)
 n - a +0 large shield
 I - a +0 pair of boots (worn)
Jewellery
 d - a cursed ring of attention (left hand)
 m - an uncursed ring of see invisible
 y - a ring of protection from fire (right hand)
Wands
 C - a wand of digging (13)
 J - a wand of enslavement (3)
Scrolls
 i - a scroll of amnesia {unknown}
 k - 3 scrolls of fear {unknown}
 o - 2 scrolls of teleportation {unknown}
 p - a scroll of magic mapping {unknown}
 A - 2 scrolls of immolation {unknown}
 B - a scroll of blinking {unknown}
Potions
 g - 2 potions of might {unknown}
 h - 3 potions of curing
 l - 2 potions of haste {unknown}
 r - 2 potions of berserk rage {!q}
 s - a potion of resistance
 t - 3 potions of lignification {!q}
 u - 4 potions of flight
 w - 2 potions of mutation {!q}
 x - 2 potions of heal wounds {unknown}
Comestibles
 c - 11 rations


   Skills:
 + Level 3.1 Fighting
 + Level 3.1 Short Blades
 + Level 3.1 Long Blades
 + Level 3.1 Axes
 + Level 3.1 Maces & Flails
 + Level 3.1 Polearms
 + Level 3.1 Staves
 + Level 3.1 Slings
 + Level 3.1 Bows
 + Level 3.1 Crossbows
 + Level 3.1 Throwing
 + Level 3.1 Armour
 + Level 5.6 Dodging
 + Level 5.3 Stealth
 + Level 3.1 Shields
 + Level 3.1 Unarmed Combat
 + Level 6.0 Spellcasting
 + Level 2.5 Conjurations
 + Level 2.5 Hexes
 + Level 2.5 Charms
 + Level 7.6 Summonings
 + Level 2.5 Necromancy
 + Level 2.5 Translocations
 + Level 2.5 Transmutations
 + Level 2.5 Fire Magic
 + Level 2.5 Ice Magic
 + Level 2.5 Air Magic
 + Level 2.5 Earth Magic
 + Level 2.5 Poison Magic
 + Level 3.4 Invocations
 + Level 3.1 Evocations


You had 4 spell levels left.
You knew the following spells:

 Your Spells              Type           Power        Failure   Level  Hunger
a - Summon Small Mammal   Summ           ####         1%          1    None
b - Call Imp              Summ           #####...     1%          2    None
c - Call Canine Familiar  Summ           #####...     1%          3    ##.....
d - Summon Ice Beast      Ice/Summ       ####....     13%         4    ####...
f - Summon Lightning Spi  Summ/Air       ####....     13%         4    ####...
x - Animate Skeleton      Necr           N/A          3%          1    None

Your spell library contained the following spells:

 Spells                   Type           Power        Failure   Level  Hunger
 Apportation              Tloc           ###...       3%          1    None
 Confusing Touch          Hex            ###...       3%          1    None
 Summon Guardian Golem    Hex/Summ       ####....     3%          3    ##.....


Dungeon Overview and Level Annotations

Branches:
Dungeon (6/15)
 Temple: D:4-7

Altars:
Okawaru


Innate Abilities, Weirdness & Mutations

Your experience applies equally to all skills.
You have very sharp teeth.
Your uncanny sense of smell can sniff out nearby items.


Message History

Found a scroll labeled UNANIU MEUJ.
An orc and an orc wizard come into view.
The centaur shouts!
The centaur wields a shortbow.
The centaur shoots an arrow.
The arrow hits you!
You see here an arrow.
Unknown command.
The centaur shoots an arrow.
The arrow hits you!
The orc wizard shouts!
You see here an arrow.
The centaur shoots an arrow.
The arrow hits you!
The centaur shoots an arrow.
The arrow misses you.
The centaur shoots an arrow.
The arrow hits you!
* * * LOW HITPOINT WARNING * * *
The centaur shoots an arrow.
The arrow hits you!
* * * LOW HITPOINT WARNING * * *
There is a stone staircase leading up, spattered with blood here.
You see here 2 arrows.
The centaur shoots an arrow.
The arrow misses you.
The centaur shoots an arrow.
The arrow hits you!
You die...

#################
.......ooo.c.o...
######c###..c?..
######.## ..... ∆
#..)....# ..o.
#.####..# ###
#.....# #.#...#
#..@..# ####.##
.... #.### #.#
#.# #.# .#


You could see a centaur, an orc wizard and an orc.

Vanquished Creatures
  Menkaure (D:4)
  Purgy (D:4)
  A big kobold (Sewer)
  A crimson imp (D:3)
  A worker ant (D:4)
  A hound skeleton (D:4)
  5 adders
  An ooze (D:4)
  5 worms
  A dart slug (D:1)
  5 leopard geckos
  9 orcs
  5 bats
  3 giant cockroaches
  5 goblins
  11 hobgoblins
  9 jackals
  12 kobolds
  2 quokkas
  3 ball pythons
  5 frilled lizards
  A jackal skeleton (D:4)
  7 rats
95 creatures vanquished.

Vanquished Creatures (collateral kills)
  Duvessa (D:4)
  2 ice beasts
  A sky beast (D:5)
  3 ogres (D:5)
  A centaur (D:5)
  A bullfrog (D:5)
  Dowan (D:4)
  A howler monkey (D:4)
  An orc priest (D:5)
  A bullfrog skeleton (D:5)
  2 worker ants (D:5)
  A worker ant zombie (D:5)
  A howler monkey skeleton (D:5)
  An adder (D:5)
  2 orcs (D:5)
  A giant cockroach (D:5)
  A frilled lizard (D:5)
22 creatures vanquished.

Grand Total: 117 creatures vanquished

Notes
Turn   | Place    | Note
-------+----------+-------------------------------------------
     0 | D:1      | mopl the Gnoll Summoner began the quest for the Orb.
     0 | D:1      | Reached XP level 1. HP: 13/13 MP: 6/6
   128 | D:1      | Reached XP level 2. HP: 12/19 MP: 7/7
   246 | D:1      | Learned a level 2 spell: Call Imp
   485 | D:1      | Reached XP level 3. HP: 19/25 MP: 9/9
   487 | D:1      | Reached skill level 5 in Spellcasting
   882 | D:1      | Found an iron altar of Okawaru.
  1006 | D:1      | Reached skill level 1 in Invocations
  1072 | D:1      | Learned a level 3 spell: Call Canine Familiar
  1243 | D:2      | Reached skill level 1 in Fighting
  1243 | D:2      | Reached skill level 1 in Short Blades
  1243 | D:2      | Reached skill level 1 in Long Blades
  1243 | D:2      | Reached skill level 1 in Axes
  1243 | D:2      | Reached skill level 1 in Maces & Flails
  1243 | D:2      | Reached skill level 1 in Polearms
  1243 | D:2      | Reached skill level 1 in Staves
  1243 | D:2      | Reached skill level 1 in Slings
  1243 | D:2      | Reached skill level 1 in Bows
  1243 | D:2      | Reached skill level 1 in Crossbows
  1243 | D:2      | Reached skill level 1 in Throwing
  1243 | D:2      | Reached skill level 1 in Armour
  1243 | D:2      | Reached skill level 1 in Shields
  1243 | D:2      | Reached skill level 1 in Unarmed Combat
  1243 | D:2      | Reached skill level 1 in Evocations
  1243 | D:2      | Reached XP level 4. HP: 32/32 MP: 11/11
  2044 | D:3      | Reached skill level 1 in Conjurations
  2044 | D:3      | Reached skill level 1 in Hexes
  2044 | D:3      | Reached skill level 1 in Charms
  2044 | D:3      | Reached skill level 1 in Necromancy
  2044 | D:3      | Reached skill level 1 in Translocations
  2044 | D:3      | Reached skill level 1 in Transmutations
  2044 | D:3      | Reached skill level 1 in Fire Magic
  2044 | D:3      | Reached skill level 1 in Ice Magic
  2044 | D:3      | Reached skill level 1 in Air Magic
  2044 | D:3      | Reached skill level 1 in Earth Magic
  2044 | D:3      | Reached skill level 1 in Poison Magic
  2085 | D:3      | Reached XP level 5. HP: 25/37 MP: 12/12
  2854 | D:4      | Noticed Menkaure
  2867 | D:4      | Killed Menkaure
  2867 | D:4      | Reached skill level 2 in Invocations
  2867 | D:4      | Reached XP level 6. HP: 21/44 MP: 4/14
  3036 | D:4      | Noticed Dowan
  3036 | D:4      | Noticed Purgy
  3037 | D:4      | Noticed Duvessa
  3064 | D:4      | Killed Purgy
  3064 | D:4      | Reached skill level 2 in Fighting
  3064 | D:4      | Reached skill level 2 in Short Blades
  3064 | D:4      | Reached skill level 2 in Long Blades
  3064 | D:4      | Reached skill level 2 in Axes
  3064 | D:4      | Reached skill level 2 in Maces & Flails
  3064 | D:4      | Reached skill level 2 in Polearms
  3064 | D:4      | Reached skill level 2 in Staves
  3064 | D:4      | Reached skill level 2 in Slings
  3064 | D:4      | Reached skill level 2 in Bows
  3064 | D:4      | Reached skill level 2 in Crossbows
  3064 | D:4      | Reached skill level 2 in Throwing
  3064 | D:4      | Reached skill level 2 in Armour
  3064 | D:4      | Reached skill level 5 in Dodging
  3064 | D:4      | Reached skill level 2 in Shields
  3064 | D:4      | Reached skill level 2 in Unarmed Combat
  3064 | D:4      | Reached skill level 2 in Evocations
  3147 | D:4      | Learned a level 1 spell: Animate Skeleton
  3152 | D:4      | Learned a level 4 spell: Summon Ice Beast
  3166 | D:4      | Learned a level 4 spell: Summon Lightning Spire
  3206 | D:4      | Noticed an ice beast
  3227 | D:4      | Killed an ice beast
  3227 | D:4      | Reached XP level 7. HP: 15/50 MP: 15/15
  3752 | D:4      | Killed Dowan
  3755 | D:4      | Killed Duvessa
  3755 | D:4      | Reached skill level 2 in Conjurations
  3755 | D:4      | Reached skill level 2 in Hexes
  3755 | D:4      | Reached skill level 2 in Charms
  3755 | D:4      | Reached skill level 2 in Necromancy
  3755 | D:4      | Reached skill level 2 in Translocations
  3755 | D:4      | Reached skill level 2 in Transmutations
  3755 | D:4      | Reached skill level 2 in Fire Magic
  3755 | D:4      | Reached skill level 2 in Ice Magic
  3755 | D:4      | Reached skill level 2 in Air Magic
  3755 | D:4      | Reached skill level 2 in Earth Magic
  3755 | D:4      | Reached skill level 2 in Poison Magic
  3983 | D:5      | Entered Level 5 of the Dungeon
  4076 | D:5      | Reached skill level 5 in Stealth
  4137 | D:5      | Found a glowing drain.
  4184 | Sewer    | Entered a sewer
  4481 | Sewer    | Reached skill level 3 in Invocations
  4563 | Sewer    | Found a white marble altar of Elyvilon.
  4645 | D:5      | Reached XP level 8. HP: 11/57 MP: 2/16
  4856 | D:5      | Reached skill level 3 in Fighting
  4856 | D:5      | Reached skill level 3 in Short Blades
  4856 | D:5      | Reached skill level 3 in Long Blades
  4856 | D:5      | Reached skill level 3 in Axes
  4856 | D:5      | Reached skill level 3 in Maces & Flails
  4856 | D:5      | Reached skill level 3 in Polearms
  4856 | D:5      | Reached skill level 3 in Staves
  4856 | D:5      | Reached skill level 3 in Slings
  4856 | D:5      | Reached skill level 3 in Bows
  4856 | D:5      | Reached skill level 3 in Crossbows
  4856 | D:5      | Reached skill level 3 in Throwing
  4856 | D:5      | Reached skill level 3 in Armour
  4856 | D:5      | Reached skill level 3 in Shields
  4856 | D:5      | Reached skill level 3 in Unarmed Combat
  4856 | D:5      | Reached skill level 3 in Evocations
  4897 | D:5      | Reached skill level 6 in Spellcasting
  5149 | D:6      | Shot with an arrow by a centaur

Vault maps used:
D:1:      dpeg_arrival_pits, okawaru_ov_weapons_minmay
D:2:      kennysheep_big_flooded_room
D:4:      first_ration, nrook_loot_triangle, uniq_menkaure, uniq_duvessa,
          uniq_purgy
D:5:      portal_sewer_entry_b, minmay_misc_feat_ornament, kennysheep_doodads,
          st_stairs_5
Sewer:    sewer_kobolds

Skill      XL: |  1  2  3  4  5  6  7  8 |
---------------+-------------------------+-----
Spellcasting   | 5 6 |  6.0
Invocations    | 1 2 3 |  3.4
Fighting       | 1 2 3 |  3.1
Short Blades   | 1 2 3 |  3.1
Long Blades    | 1 2 3 |  3.1
Axes           | 1 2 3 |  3.1
Maces & Flails | 1 2 3 |  3.1
Polearms       | 1 2 3 |  3.1
Staves         | 1 2 3 |  3.1
Slings         | 1 2 3 |  3.1
Bows           | 1 2 3 |  3.1
Crossbows      | 1 2 3 |  3.1
Throwing       | 1 2 3 |  3.1
Armour         | 1 2 3 |  3.1
Shields        | 1 2 3 |  3.1
Unarmed Combat | 1 2 3 |  3.1
Evocations     | 1 2 3 |  3.1
Conjurations   | 1 2 |  2.5
Hexes          | 1 2 |  2.5
Charms         | 1 2 |  2.5
Necromancy     | 1 2 |  2.5
Translocations | 1 2 |  2.5
Transmutations | 1 2 |  2.5
Fire Magic     | 1 2 |  2.5
Ice Magic      | 1 2 |  2.5
Air Magic      | 1 2 |  2.5
Earth Magic    | 1 2 |  2.5
Poison Magic   | 1 2 |  2.5
Dodging        | 5 |  5.6
Stealth        | 5 |  5.3
Summonings     | |  7.6

Action                   |  1- 3 |  4- 6 |  7- 9 || total
-------------------------+-------+-------+-------++-------
Melee: Mace              |   113 |   195 |   109 ||   417
       Bite              |     6 |    15 |     8 ||    29
       Punch             |     1 |     1 |     2 ||     4
 Fire: Blowgun           |       |       |    10 ||    10
Throw: Stone             |       |       |     3 ||     3
 Cast: Call Imp          |     1 |     5 |       ||     6
       Call Canine Famil |       |     2 |     4 ||     6
       Summon Ice Beast  |       |       |    10 ||    10
       Animate Skeleton  |       |       |     3 ||     3
  Use: Scroll            |       |     6 |       ||     6
       Potion            |       |       |     1 ||     1
 Stab: Sleeping          |     4 |     3 |     1 ||     8
       Distracted        |       |       |     4 ||     4
  Eat: Chunk             |     1 |     7 |     5 ||    13
       Ration            |       |       |     1 ||     1
Armor: Robe              |    28 |    54 |    36 ||   118
Dodge: Dodged            |   123 |   197 |   114 ||   434

Table legend:
 A = Spawn XP
 B = Non-spawn XP
 C = Spawn XP percentage of total XP
 D = Spawn monster count
 E = Non-spawn monster count
 F = Spawn count percentage of total count
 G = Total turns spent on level
                    A         B        C        D         E        F      G
               +---------+---------+-------+---------+---------+-------+---------
         Total |       0 |    1630 |   0.0 |       0 |     117 |   0.0 |  5149
               +---------+---------+-------+---------+---------+-------+---------
           D:1 |       0 |      61 |   0.0 |       0 |      32 |   0.0 |  1073
           D:2 |       0 |      49 |   0.0 |       0 |      13 |   0.0 |   944
           D:3 |       0 |     139 |   0.0 |       0 |      24 |   0.0 |   756
           D:4 |       0 |     595 |   0.0 |       0 |      16 |   0.0 |  1270
           D:5 |       0 |     669 |   0.0 |       0 |      23 |   0.0 |   664
         Sewer |       0 |     117 |   0.0 |       0 |       9 |   0.0 |   424
               +---------+---------+-------+---------+---------+-------+---------
